 Dungeon Crawl Stone Soup version 0.30-a0-583-g19bae12e61 (webtiles) character file.

Game seed: 10666003593022204344

86 Citaku the Cutter (level 4, -2/32 HPs)
             Began as a Human Wanderer on Jan 1, 2023.
             Was an Initiate of Dithmenos.
             Killed by divine providence
             ... invoked by an orc priest
              (12 damage)
             ... on level 4 of the Dungeon.
             The game lasted 00:08:02 (2613 turns).

Citaku the Cutter (Human Wanderer)                  Turns: 2613, Time: 00:08:02

Health: -2/32      AC: 11    Str: 14    XL:     4   Next: 77%
Magic:  4/4        EV:  5    Int: 12    God:    Dithmenos [......]
Gold:   139        SH:  4    Dex: 13    Spells: 3/3 levels left

rFire   . . .      SeeInvis .    n - +1 rapier
rCold   . . .      Faith    .    d - +0 buckler
rNeg    . . .      Spirit   .    h - +0 chain mail
rPois   .          Reflect  .    (no helmet)
rElec   .          Harm     .    m - +0 cloak
rCorr   .          Rampage  .    (no gloves)
Will    .....                    i - +1 pair of boots Stlth
                                 (no amulet)
HPRegen 0.25/turn                (no ring)
MPRegen 0.09/turn                (no ring)

@: no status effects
A: no striking features
a: Renounce Religion


You were on level 4 of the Dungeon.
You worshipped Dithmenos.
Dithmenos was noncommittal.
You visited 1 branch of the dungeon, and saw 3 of its levels.

You collected 139 gold pieces.

Inventory:

Hand Weapons
 n - a +1 rapier (weapon)
Armour
 d - a +0 buckler (worn)
 h - a +0 chain mail (worn)
 i - a +1 pair of boots (worn)
 m - a +0 cloak (worn)
Wands
 f - a wand of flame (14)
Scrolls
 c - a scroll of blinking
 e - 3 scrolls of teleportation
 k - 2 scrolls of enchant armour
 l - a scroll of enchant weapon
Potions
 a - 2 potions of cancellation
 b - a potion of haste
 g - a potion of degeneration {unknown}
 j - 3 potions of curing


   Skills:
 + Level 1.6 Fighting
 + Level 3.4 Short Blades
 + Level 1.4 Armour
 + Level 1.2 Dodging
 + Level 1.0 Stealth
 + Level 1.3 Shields
 + Level 3.3 Unarmed Combat
 + Level 1.0 Evocations


You had 3 spell levels left.
You didn't know any spells.
Your spell library contained the following spells:

 Spells                   Type           Power      Damage    Failure   Level
 Slow                     Hex            0%         N/A       100%        1
 Confusing Touch          Hex            0%         N/A       100%        3
 Gell's Gravitas          Tloc           0%         N/A       100%        3
 Lesser Beckoning         Tloc           0%         N/A       100%        3
 Teleport Other           Tloc           0%         N/A       100%        3
 Vampiric Draining        Necr           0%         2d6       100%        3


Dungeon Overview and Level Annotations

Branches:
Dungeon (2/15)

Altars:
Dithmenos
Kikubaaqudgha
Makhleb
Ru


Message History

You barely miss the orc. You barely miss the orc.
The orc priest invokes the aid of Beogh against you.
Beogh smites you!
You barely miss the orc.
The orc is almost dead.
The orc hits you with a +0 short sword. The orc barely misses you.
The orc priest looks encouraged for a moment.
You hit the orc.
You kill the orc!
Dithmenos accepts your kill. The orc closely misses you.
The orc hits you but does no damage.
The orc priest calls down the wrath of Beogh upon you.
You barely resist.
You see here a +0 flail.
You hit the orc priest.
The orc priest is moderately wounded.
The orc hits you but does no damage.
The orc priest hits you with a +0 flail.
You barely miss the orc priest.
The orc priest is moderately wounded.
You block the orc's attack.
The orc priest hits you with a +0 flail.
You hit the orc priest.
The orc priest is heavily wounded.
The orc hits you but does no damage. You block the orc priest's attack.
You barely miss the orc priest.
The orc priest is heavily wounded.
The orc hits you but does no damage. You block the orc priest's attack.
You closely miss the orc priest.
The orc priest is heavily wounded.
The orc hits you with a +0 short sword.
The orc priest hits you but does no damage.
You hit the orc priest.
The orc priest is heavily wounded.
The orc hits you but does no damage.
The orc priest mumbles some strange prayers to Beogh against you.
Beogh smites you!
You die...

#.# #.# #.#
##.#############
...............#
##...#########.#
#........# #.#
.....###.# #.#######
.....# #.# #..@o...#
##...# #.# #.o####.#
##..## #.# #..# *,*
....####.# #..#* *,*
##.......# #.<.# *,*
#...###### ##..# *,*
.....## ####..# *,*
......## ##.##..###.*
.......####...#......*


You could see an orc priest and an orc.

Vanquished Creatures
  An orc wizard (D:4)
  A worm (D:4)
  A dart slug (D:2)
  8 orcs (D:4)
  2 endoplasms (D:2)
  5 giant cockroaches
  5 goblins
  A hobgoblin (D:1)
  7 kobolds
  A quokka (D:1)
  6 ball pythons
  3 bats
  A frilled lizard (D:1)
  2 rats
44 creatures vanquished.

Notes
Turn   | Place    | Note
-------+----------+-------------------------------------------
     0 | D:1      | Citaku the Human Wanderer began the quest for the Orb.
     0 | D:1      | Citaku set off with the following items: a +0 short sword,
                  | a potion of haste, a scroll of blinking, a +0 buckler, a
                  | scroll of teleportation, a +0 leather armour.
     0 | D:1      | Reached XP level 1. HP: 15/15 MP: 1/1
   192 | D:1      | Reached XP level 2. HP: 19/21 MP: 2/2
   577 | D:1      | You fall into a shaft and drop 1 floor!
   733 | D:2      | Reached XP level 3. HP: 26/26 MP: 3/3
  1412 | D:2      | You fall into a shaft and drop 2 floors!
  1923 | D:4      | Found a burning altar of Makhleb.
  1936 | D:4      | Found a sacrificial altar of Ru.
  1947 | D:4      | Found an ancient bone altar of Kikubaaqudgha.
  1956 | D:4      | Found a shadowy altar of Dithmenos.
  1960 | D:4      | Became a worshipper of Dithmenos the Shadowed
  2279 | D:4      | Reached XP level 4. HP: 24/32 MP: 4/4
  2349 | D:4      | Reached skill level 1 in Armour
  2613 | D:4      | Killed from afar by an orc priest

Illustrated notes

Levels and vault maps discovered:
D:1:      dpeg_arrival_houses_and_road, layout_basic, serial_rivers,
          chequers_serial_rivers_micro_a, chequers_serial_rivers_micro_a,
          chequers_serial_rivers_room_a, chequers_serial_rivers_micro_d,
          minmay_close_crescents
D:2:      layout_loops_ring, palyth_stone_intersect
D:4:      layout_loops_corners, grunt_temple_overflow_cloverleaf

Skill      XL: |  1  2  3  4 |
---------------+-------------+-----
Short Blades   | 3 |  3.4
Armour         | 1 |  1.4
Fighting       | |  1.6
Dodging        | |  1.2
Stealth        | |  1.0
Shields        | |  1.3
Unarmed Combat | |  3.3
Evocations     | |  1.0

Action                   |  1- 3 |  4- 6 || total
-------------------------+-------+-------++-------
Melee: Short sword       |    66 |       ||    66
       Rapier            |    84 |    54 ||   138
  Use: Scroll            |     7 |       ||     7
       Potion            |     1 |       ||     1
Armor: Chain mail        |   118 |    41 ||   159
Dodge: Dodged            |    56 |     8 ||    64
Block: Buckler           |    32 |    15 ||    47

Table legend: (Time is in decaauts)
 A = Elapsed time spent in this place.
 B = Non-inter-level travel time spent in this place.
 C = Inter-level travel time spent in this place.
 D = Time resting spent in this place.
 E = Time spent auto-exploring this place.
 F = Levels seen in this place.
 G = Mean time per level.
                   A        B        C        D        E       F      G
               +--------+--------+--------+--------+--------+-----+--------+
         Total |   2619 |   2619 |      0 |    414 |    783 |   3 |  873.0 |
       Dungeon |   2619 |   2619 |      0 |    414 |    783 |   3 |  873.0 |
               +--------+--------+--------+--------+--------+-----+--------+

Top non-repeatable levels by time:
     D:4: 1207 daAuts
     D:2: 840 daAuts
     D:1: 572 daAuts
